 Dungeon Crawl Stone Soup version 0.20.0 (webtiles) character file.

6344 chickenpie the Basher (level 10, -3/138 HPs)
             Began as a Minotaur Berserker on June 5, 2017.
             Was a High Priest of Trog.
             Slain by a killer bee (4 damage)
             ... on level 9 of the Dungeon.
             The game lasted 00:21:12 (6980 turns).

chickenpie the Basher (Minotaur Berserker)          Turns: 6980, Time: 00:21:13

Health: -3/138     AC: 25    Str: 25    XL:     10   Next: 64%
Magic:  18/18      EV:  2    Int:  6    God:    Trog [*****.]
Gold:   464        SH:  0    Dex: 13    Spells: 9/9 levels left

rFire    + + .     SeeInvis .   P - +10 dagger "Yrotuerou" {flame, rF+ Dex+3}
rCold    + . .     Gourm    .   (no shield)
rNeg     + + +     Faith    .   (armour currently unavailable)
rPois    +         Spirit   .   (helmet currently unavailable)
rElec    +         Reflect  .   (cloak currently unavailable)
rCorr    +         Harm     .   (gloves currently unavailable)
MR       +....     NoTele   +   (boots currently unavailable)
Stlth    +.........             H - amulet of rage
Regen    0.4/turn               r - ring of protection from magic
MPRegen  0.2/turn               x - ring of magical power

@: lethally poisoned (-3 -> -7), tree-form, resistant, berserk cooldown, slowed,
very slow
A: (retaliatory headbutt), rugged brown scales 1, clever 1, mutation resistance
1, no potion heal 1
a: Berserk, Trog's Hand, Brothers in Arms, Burn Spellbooks, Renounce Religion,
Evoke Berserk Rage


You were on level 9 of the Dungeon.
You worshipped Trog.
Trog was extremely pleased with you.
You were not hungry.
You were a tree.
You visited 1 branch of the dungeon, and saw 9 of its levels.

You collected 464 gold pieces.

Inventory:

Hand Weapons
 t - a +7 flail of protection
 P - the +10 dagger "Yrotuerou" (weapon) {flame, rF+ Dex+3}
   (You found it on level 9 of the Dungeon)

   It has been specially enchanted to burn those struck by it, causing extra
   injury to most foes and up to half again as much damage against particularly
   susceptible opponents.
   It affects your dexterity (+3).
   It protects you from fire.
Armour
 e - a cursed +0 chain mail (melded)
 I - a +2 pair of gloves (melded)
 M - a +0 cloak (melded)
Jewellery
 r - a ring of protection from magic (left branch)
 x - a ring of magical power (right branch)
 H - an amulet of rage (around neck)
Wands
 a - a wand of acid (9/15)
 h - a wand of acid (7/15)
 j - a wand of flame (40/48)
 l - a wand of random effects (33/48)
 y - a wand of paralysis (20/24)
 G - a wand of digging (9/24)
 J - a wand of random effects (30/48)
 L - a wand of iceblast (10/15)
 N - a wand of random effects (36/48)
 Q - a wand of confusion (26/48)
Scrolls
 d - 9 scrolls of identify
 f - 2 scrolls of blinking
 i - 4 scrolls of recharging {unknown}
 m - 2 scrolls of enchant armour {unknown}
 n - a scroll of fog {unknown}
 p - 3 scrolls of remove curse
 q - 7 scrolls of teleportation {unknown}
 u - 2 scrolls of fear {unknown}
 A - 3 scrolls of enchant weapon
 C - 4 scrolls of immolation {unknown}
 K - 2 scrolls of amnesia {unknown}
Potions
 k - a potion of agility {unknown}
 o - a potion of berserk rage
 v - a potion of brilliance {unknown}
 w - a potion of ambrosia {unknown}
 E - a potion of flight
 F - a potion of haste
 R - a potion of heal wounds {unknown}
Books
 O - a book of Maledictions

   Spells                             Type                      Level
   a - Corona                         Hexes                        1
   b - Ensorcelled Hibernation        Hexes/Ice                    2
   c - Confuse                        Hexes                        3
   d - Tukima's Dance                 Hexes                        3
   e - Dazzling Spray                 Conjuration/Hexes            3
   Trog disapproves of the use of such an item.
Comestibles
 b - 2 royal jellies
 c - 2 bread rations
 g - 9 fruits
 z - 2 meat rations


   Skills:
 + Level 8.9 Fighting
 + Level 1.4 Short Blades
   Level 9.0(11.3) Axes
 + Level 11.1(12.3) Maces & Flails
 + Level 9.7 Armour
 + Level 4.8 Dodging
 + Level 0.5 Stealth


You had 9 spell levels left.
You didn't know any spells.

Dungeon Overview and Level Annotations

Branches:
Dungeon (9/15)             Temple (0/1) D:5
   Lair: D:8-11         Orc: D:9-12

Altars:
Ashenzari
Cheibriados
Dithmenos
Fedhas
Kikubaaqudgha
Nemelex Xobeh
Qazlal
Sif Muna
Uskayaw
Vehumet
Xom
The Shining One

Shops:
D:9 (=


Innate Abilities, Weirdness & Mutations

((You reflexively headbutt those who attack you in melee.))
((You have a pair of horns on your head.))
(You are partially covered in rugged brown scales. (AC +1, +3% HP))
Your mind is acute. (Int +2)
You are somewhat resistant to further mutation.
Potions are less effective at restoring your health.
((Your movements are slightly less encumbered by armour. (ER -2)))


Message History

Your +0 cloak melds into your body.
Your +2 pair of gloves melds into your body.
Your cursed +0 chain mail melds into your body.
Your roots penetrate the ground.
You feel sick. The killer bee barely misses you.
The killer bee stings you but does no damage.
The killer bee stings you.
* * * LOW HITPOINT WARNING * * *
You hit the killer bee. You burn the killer bee.
The killer bee is moderately wounded.
You feel sick. The killer bee stings you.
* * * LOW HITPOINT WARNING * * *
The killer bee stings you.
* * * LOW HITPOINT WARNING * * *
The killer bee stings you but does no damage.
It was a potion of resistance.
You feel protected.
* * * LOW HITPOINT WARNING * * *
You feel sick. The killer bee barely misses you. The killer bee stings you.
You die...

############
#......#....
#......#....
#######......'...∩
#........######...
#†#########..##..∩
#♣# #.......# #y#
#.......# #y#
#.......#


yyy #########..# .y. #..##..##..# #%%.. #...#....... #...% #...#....... #%%%..
#..###'###.. ########..##..###.. You could see 6 killer bees.

Vanquished Creatures
  A two-headed ogre (D:8)
  An ugly thing (D:7)
  Joseph (D:8)
  A queen bee (D:9)
  A troll (D:9)
  A hippogriff (D:8)
  Sigmund (D:2)
  A hungry ghost (D:6)
  Edmund (D:4)
  A water moccasin (D:8)
  An ice beast (D:8)
  2 orc warriors
  4 sky beasts
  3 phantoms
  A necrophage (D:9)
  2 centaurs
  3 ogres
  2 bullfrogs
  A water moccasin skeleton (D:8)
  2 scorpions
  20 killer bees
  2 howler monkeys
  A bullfrog zombie (D:5)
  2 crimson imps
  4 hounds
  A jelly (D:7)
  4 orc priests
  12 orc wizards
  3 bullfrog skeletons
  Crazy Yiuf (D:6)
  4 iguanas
  Terence (D:3)
  7 worker ants
  6 adders
  2 shadow imps
  An ooze (D:2)
  2 adder zombies
  An adder skeleton (D:9)
  2 worms
  A dart slug (D:3)
  4 leopard geckos
  26 orcs
  2 ball pythons
  5 giant cockroaches
  7 goblins
  9 hobgoblins
  12 jackals
  2 quokkas
  9 bats
  3 frilled lizards (D:3)
  A giant cockroach zombie (D:5)
  10 kobolds
  9 rats
207 creatures vanquished.

Notes
Turn   | Place    | Note
-------+----------+-------------------------------------------
     0 | D:1      | chickenpie the Minotaur Berserker began the quest for the Orb.
     0 | D:1      | Reached XP level 1. HP: 19/19 MP: 0/0
    64 | D:1      | Found a snail-covered altar of Cheibriados.
   220 | D:1      | Reached XP level 2. HP: 27/27 MP: 1/1
   743 | D:2      | Noticed Sigmund
   754 | D:2      | Killed Sigmund
   754 | D:2      | Reached skill level 5 in Fighting
   754 | D:2      | Reached skill level 5 in Axes
   754 | D:2      | Reached XP level 3. HP: 36/36 MP: 2/2
   754 | D:2      | Reached XP level 4. HP: 42/42 MP: 3/3
   754 | D:2      | Reached XP level 5. HP: 48/48 MP: 4/4
   904 | D:2      | Reached ** piety under Trog
  1527 | D:2      | Found a blossoming altar of Fedhas.
  1906 | D:3      | Noticed Terence
  1911 | D:3      | Killed Terence
  1911 | D:3      | Reached XP level 6. HP: 56/56 MP: 5/5
  2438 | D:4      | Noticed Edmund
  2445 | D:4      | Killed Edmund
  2445 | D:4      | Reached XP level 7. HP: 58/62 MP: 6/6
  2448 | D:4      | Reached skill level 5 in Armour
  2449 | D:4      | Found a hide-covered altar of Uskayaw.
  2476 | D:4      | Noticed an enchanted dagger
  2477 | D:4      | Noticed a hand axe
  2795 | D:4      | Reached *** piety under Trog
  2910 | D:5      | Entered Level 5 of the Dungeon
  3010 | D:5      | Found a staircase to the Ecumenical Temple.
  3021 | D:5      | Gained mutation: You are resistant to hostile enchantments. (MR+) [mutagenic meat]
  3022 | D:5      | Gained mutation: Your mind is acute. (Int +2) [mutagenic meat]
  3023 | D:5      | Gained mutation: You are robust. (+10% HP) [mutagenic meat]
  3024 | D:5      | Gained mutation: Scrolls take you a little longer to read. [mutagenic meat]
  3084 | D:5      | Reached skill level 1 in Maces & Flails
  3212 | D:5      | Reached XP level 8. HP: 74/77 MP: 7/7
  3325 | D:6      | Reached skill level 2 in Maces & Flails
  3454 | D:6      | Found a shattered altar of Ashenzari.
  3490 | D:6      | Reached skill level 3 in Maces & Flails
  3548 | D:6      | Found a shimmering altar of Xom.
  3634 | D:6      | Reached skill level 4 in Maces & Flails
  3886 | D:6      | Found an ancient bone altar of Kikubaaqudgha.
  4273 | D:6      | Found a runed door.
  4454 | D:6      | Noticed Crazy Yiuf
  4457 | D:6      | Killed Crazy Yiuf
  4457 | D:6      | Reached skill level 5 in Maces & Flails
  4471 | D:6      | Lost mutation: You are resistant to hostile enchantments. (MR+) [potion of mutation]
  4471 | D:6      | Lost mutation: Scrolls take you a little longer to read. [potion of mutation]
  4471 | D:6      | Gained mutation: You are resistant to hostile enchantments. (MR+) [potion of mutation]
  4471 | D:6      | Gained mutation: You have a pair of large horns on your head. [potion of mutation]
  4472 | D:6      | Lost mutation: You have a pair of large horns on your head. [potion of mutation]
  4472 | D:6      | Lost mutation: You are resistant to hostile enchantments. (MR+) [potion of mutation]
  4472 | D:6      | Lost mutation: Your mind is acute. (Int +2) [potion of mutation]
  4472 | D:6      | Lost mutation: You are robust. (+10% HP) [potion of mutation]
  4472 | D:6      | Gained mutation: Your spells are a little harder to cast, but a little more powerful. [potion of mutation]
  4472 | D:6      | Gained mutation: Your natural rate of healing is unusually fast. [potion of mutation]
  4473 | D:6      | Lost mutation: Your spells are a little harder to cast, but a little more powerful. [potion of mutation]
  4473 | D:6      | Lost mutation: Your natural rate of healing is unusually fast. [potion of mutation]
  4473 | D:6      | Gained mutation: Your mind is acute. (Int +2) [potion of mutation]
  4473 | D:6      | Gained mutation: Your movements are slightly less encumbered by armour. (ER -2) [potion of mutation]
  4586 | D:7      | Reached **** piety under Trog
  4639 | D:7      | Found a shadowy altar of Dithmenos.
  4640 | D:7      | Found a glowing golden altar of the Shining One.
  4641 | D:7      | Found a radiant altar of Vehumet.
  4642 | D:7      | Found a sparkling altar of Nemelex Xobeh.
  4998 | D:7      | Noticed a green ugly thing
  5006 | D:7      | Killed a green ugly thing
  5006 | D:7      | Reached skill level 6 in Maces & Flails
  5006 | D:7      | Reached XP level 9. HP: 74/79 MP: 8/8
  5024 | D:7      | Reached skill level 7 in Maces & Flails
  5030 | D:7      | Gained mutation: Potions are less effective at restoring your health. [mutagenic meat]
  5031 | D:7      | Gained mutation: You are somewhat resistant to further mutation. [mutagenic meat]
  5407 | D:8      | Found a stormy altar of Qazlal.
  5437 | D:8      | Noticed Joseph
  5443 | D:8      | Killed Joseph
  5476 | D:8      | Reached skill level 8 in Maces & Flails
  5851 | D:8      | Reached skill level 9 in Maces & Flails
  5900 | D:8      | Gained mutation: You are partially covered in rugged brown scales. (AC +1, +3% HP) [mutagenic meat]
  5916 | D:8      | Noticed a two-headed ogre
  5925 | D:8      | Killed a two-headed ogre
  5925 | D:8      | Reached XP level 10. HP: 90/90 MP: 9/9
  6226 | D:9      | Reached skill level 10 in Maces & Flails
  6336 | D:9      | Found a deep blue altar of Sif Muna.
  6415 | D:9      | Found Eschilugaf's Weapon Shop.
  6499 | D:9      | Reached ***** piety under Trog
  6786 | D:9      | Got an ichor-stained dagger
  6787 | D:9      | Identified the +10 dagger "Yrotuerou" {flame, rF+ Dex+3} (You found it on level 9 of the Dungeon)
  6827 | D:9      | Found Ceghos's Jewellery Shoppe.
  6951 | D:9      | Reached skill level 11 in Maces & Flails
  6957 | D:9      | Reached skill level 1 in Short Blades
  6972 | D:9      | HP: 4/92 [killer bee (7)]
  6979 | D:9      | HP: 6/138 [killer bee (2)]
  6980 | D:9      | HP: 1/138 [poisoned by a killer bee]
  6980 | D:9      | Slain by a killer bee

Skill      XL: |  1  2  3  4  5  6  7  8  9 10 |
---------------+-------------------------------+-----
Axes           | 4 5 6 7 8 9 |  9.0
Fighting       | 5 6 7 8 |  8.9
Armour         | 3 4 5 7 8 9 |  9.7
Dodging        | 3 4 |  4.8
Maces & Flails | 1 6 9 11 | 11.1
Short Blades   | 1 |  1.4
Stealth        | |  0.5

Action                   |  1- 3 |  4- 6 |  7- 9 | 10-12 || total
-------------------------+-------+-------+-------+-------++-------
Melee: Hand axe          |    31 |   107 |    27 |       ||   165
       Headbutt          |     4 |    17 |    42 |    24 ||    87
       Flail             |       |       |   186 |   102 ||   288
       Dagger            |       |       |       |    52 ||    52
Invok: Berserk           |     1 |     3 |     2 |     1 ||     7
       Burn Spellbooks   |       |       |     1 |     1 ||     2
  Use: Scroll            |       |       |     7 |       ||     7
       Potion            |       |       |     5 |     6 ||    11
  Eat: Fruit             |       |     2 |       |       ||     2
       Bread ration      |       |     3 |     3 |       ||     6
       Chunk             |       |       |    13 |       ||    13
       Meat ration       |       |       |     1 |       ||     1
Armor: Animal skin       |     3 |       |       |       ||     3
       Chain mail        |     2 |    44 |   119 |   122 ||   287
       Skin              |       |       |       |     2 ||     2
Dodge: Dodged            |    18 |    62 |    83 |   149 ||   312
